 Dungeon Crawl Stone Soup version 0.31-a0-303-gdc8c9485ea (webtiles) character file.

Game seed: 1357382580758572894

184425 Pooter the Severer (level 17, -3/165 HPs)
             Began as a Minotaur Berserker on July 15, 2023.
             Was an Elder of Trog.
             Slain by a large abomination (13 damage)
             ... on level 3 of the Abyss on July 16, 2023.
             The game lasted 03:46:43 (42313 turns).

Pooter the Severer (Minotaur Berserker)            Turns: 42313, Time: 03:46:43

Health: -3/165     AC: 27    Str: 33    XL:     17   Next: 77%
Magic:  12/16      EV:  9    Int:  6    God:    Trog [****..]
Gold:   1298       SH:  5    Dex: 18    Spells: 16/16 levels left

rFire   . . .        a - +5 battleaxe (heavy)
rCold   . . .        (shield currently unavailable)
rNeg    . . .        V - +6 plate armour {Will+}
rPois   .            n - +2 hood of the Assassin {Detect Stab+ Stlth++}
rElec   +            z - scarf of the Harp {+Inv, rElec Dex+5 Slay+2 Stlth+}
rCorr   .            N - +2 pair of gloves {Str+3}
SInv    .            (no boots)
Will    ++++.        v - amulet of reflection
Stlth   ++           F - ring of protection from fire
HPRegen 1.47/turn    X - ring of Kuja {Ice rElec Str+3 Int+4}
MPRegen 0.15/turn

%: reflection, clarity
@: about to teleport, strong-willed (expiring), regenerating (expiring),
studying Unarmed Combat
A: horns 2, retaliatory headbutt, clarity, dopey 1, shaggy fur 1, [berserk 2],
[cold vulnerability 1]
a: Renounce Religion, Evoke Invisibility, Berserk, Trog's Hand, Brothers in Arms


You were on level 3 of the Abyss.
You worshipped Trog.
Trog was greatly pleased with you.
You visited 4 branches of the dungeon, and saw 25 of its levels.
You visited the Abyss 1 time.
You visited 1 bazaar.
You also visited: Sewer, Gauntlet, Ice Cave and Volcano.

You collected 3153 gold pieces.
You spent 1855 gold pieces at shops.

Inventory:

Hand Weapons
 a - a +5 heavy battleaxe (weapon)
   (Trog gifted it to you on level 3 of the Elven Halls)
 b - a +2 arbalest of draining
   (You took it off an orc knight on level 2 of the Orcish Mines)
 o - a +2 executioner's axe of holy wrath
   (You subdued it on level 2 of the Elven Halls)
 q - the +11 halberd "Akholon" {freeze, rElec rC+ Dex+5}
   (You took it off a deep elf elementalist on level 3 of the Elven Halls)

   Dex:       It affects your dexterity (+5).
   rC:        It protects you from cold.
   rElec:     It insulates you from electricity.
 x - a +5 antimagic eveningstar
   (You subdued it on level 2 of the Elven Halls)
 O - a +0 battleaxe of flaming
   (You found it in a volcano)
 T - a +3 spectral battleaxe
   (You took it off an orc warrior on level 2 of the Orcish Mines)
Missiles
 h - 7 atropa-tipped darts
 p - 17 boomerangs (quivered)
 H - 3 curare-tipped darts
 M - 9 javelins
 U - 6 silver javelins
Armour
 n - the +2 hood of the Assassin (worn) {Detect Stab+ Stlth++}
   (You acquired it on level 3 of the Dungeon)

   Detect:    It allows the wearer to sense nearby creatures.
   Stab+:     It allows the wearer to make particularly effective stabbing
   attacks against helpless or unaware enemies with any weapon.
   Stlth:     It makes you much more stealthy.
 z - the scarf of the Harp (worn) {+Inv, rElec Dex+5 Slay+2 Stlth+}
   (You bought it in a shop on level 2 of the Orcish Mines)

   Dex:       It affects your dexterity (+5).
   Slay:      It affects your accuracy & damage with ranged weapons and melee
   (+2).
   rElec:     It insulates you from electricity.
   Stlth:     It makes you more stealthy.
 I - the +2 pair of gloves "Kaifishy" {rC++ Int+3 Dex-3}
   (You found it in a volcano)

   Int:       It affects your intelligence (+3).
   Dex:       It affects your dexterity (-3).
   rC:        It greatly protects you from cold.
 N - a +2 pair of gloves of strength (worn)
   (You bought it in a shop on level 2 of the Orcish Mines)
 V - a +6 plate armour of willpower (worn)
   (You found it on level 12 of the Dungeon)
Jewellery
 v - an amulet of reflection (around neck)
   (You found it in a sewer)
 C - a ring of resist corrosion
   (You found it on level 8 of the Dungeon)
 F - a ring of protection from fire (left hand)
   (You found it on level 3 of the Dungeon)
 G - an amulet of guardian spirit
   (You found it on level 12 of the Dungeon)
 K - a +5 ring of evasion
   (You took it off a deep elf elementalist on level 3 of the Elven Halls)
 X - the ring of Kuja (right hand) {Ice rElec Str+3 Int+4}
   (You found it in an ice cave)

   [ring of ice]

   It enhances your ice magic.
   Str:       It affects your strength (+3).
   Int:       It affects your intelligence (+4).
   rF:        It makes you vulnerable to fire.
   rC:        It protects you from cold.
   rElec:     It insulates you from electricity.
 Y - a +6 ring of dexterity
   (You found it on level 4 of the Lair of Beasts)
 Z - a ring of flight
   (You found it on level 5 of the Lair of Beasts)
Wands
 d - a wand of mindburst (3)
   (You found it in a Gauntlet)
 f - a wand of flame (20)
   (You found it on level 3 of the Lair of Beasts)
 j - a wand of light (5)
   (You found it on level 7 of the Dungeon)
 m - a wand of roots (7)
   (You found it on level 3 of the Dungeon)
 u - a wand of paralysis (1)
   (You found it on level 8 of the Dungeon)
 D - a wand of digging (8)
   (You found it on level 2 of the Lair of Beasts)
Scrolls
 c - 4 scrolls of noise {!r}
 i - a scroll of silence
 l - 7 scrolls of poison {!r}
 s - 5 scrolls of fog
 t - 4 scrolls of teleportation {@r4}
 y - a scroll of revelation
 Q - 2 scrolls of fear
 W - 2 scrolls of immolation {!r}
Potions
 e - 9 potions of mutation {!q}
 g - 3 potions of lignification {!q}
 r - 5 potions of cancellation
 w - 10 potions of curing {@q1}
 A - 4 potions of might
 B - 2 potions of enlightenment
 E - 8 potions of heal wounds {@q2}
 P - a potion of attraction {!q}
 R - 3 potions of haste {@q3}
 S - a potion of resistance
Miscellaneous
 J - a phantom mirror (inert)
   (You found it in an ice cave)


   Skills:
 + Level 18.2 Fighting
 * Level 20.5 Axes
 - Level 18.0 Ranged Weapons
 + Level 9.4 Throwing
 - Level 10.9 Armour
 - Level 2.1 Dodging
 - Level 6.8 Stealth
 + Level 8.7 Evocations


You had 16 spell levels left.
You didn't know any spells.
Your spell library was empty.

Dungeon Overview and Level Annotations

Branches:
Dungeon (15/15) Zot: 25993  Temple (0/1) D:7            Lair (5/5) D:9 Zot: 20377
 Shoals (0/4) Lair:3       Spider (0/4) Lair:2        Slime (0/5) Lair:4
    Orc (2/2) D:10 Zot: 7269     Elf (3/3) Orc:2 Zot: 11436  Vaults (0/5) D:13
 Depths (0/4) D:15          Sewer (visited)           IceCv (visited)
Volcano (visited)         Gauntlet (visited)

Altars:
Ashenzari
Dithmenos
Okawaru
Qazlal
Sif Muna
Uskayaw
Yredelemnul
Zin
Jiyva

Shops:
D:7 !:   Orc:2 ?[[![   Elf:1 *?[

Annotations:
Lair:3 3 runed translucent doors, LustLizard's ghost, journeyman OpSh


Innate Abilities, Weirdness & Mutations

You have a pair of horns on your head.
You reflexively headbutt those who attack you in melee.
You possess an exceptional clarity of mind.
You are dopey. (Int -2)
You are covered in fur. (AC +1)
[You have an uncontrollable temper.]
[You are vulnerable to cold. (rC-)]


Message History

The raiju misses you. You furiously retaliate!
You headbutt the raiju. You closely miss the raiju. You hit the raiju.
The raiju bites you but does no damage.
The raiju bursts into living lightning!
The living lightning hits you but does no damage.
You resist.
The living lightning hits the raiju.
The raiju completely resists.
The raiju blinks!
The mana viper bites you.
* * * LOW HITPOINT WARNING * * *
You feel your power leaking away.
You slice the mana viper like a ripe choko!!!
You kill the mana viper!
Trog accepts your kill.
You hit the raiju but do no damage.
You hear a hideous shriek!
The raiju bites you but does no damage.
You feel the corruption within you wane somewhat.
You feel less vulnerable to cold.
You closely miss the raiju.
The raiju bursts into living lightning!
The living lightning hits you. You resist.
* * * LOW HITPOINT WARNING * * *
The raiju blinks!
A large abomination comes into view.
The raiju bursts into living lightning!
The living lightning hits you. You resist.
* * * LOW HITPOINT WARNING * * *
The raiju blinks! x2
You slice the raiju!!
You kill the raiju!
Trog accepts your kill.
You miss the raiju. You block the raiju's attack.
You slice the raiju like a ripe choko!!!
You kill the raiju!
Trog accepts your kill.
A hellion comes into view.
The hellion gestures at you.
The sphere of damnation explodes!
The damnation engulfs you!!
* * * LOW HITPOINT WARNING * * *
You hear a shout!
As you read the scroll of teleportation {@r4}, it crumbles to dust.
You feel strangely unstable.
You feel the power of the Abyss delaying your translocation!
Found a gateway leading deeper into the Abyss.
The hellion gestures at you.
The sphere of damnation explodes!
The damnation engulfs you!!
* * * LOW HITPOINT WARNING * * *
You feel the effects of Trog's Hand fading.
The large abomination hits you!
You die...

...§.§.§..§.§....§
..§.....†#.§.§.§..
......#§.§§§..§...
....§...†.........
...§..§§..§...2.§.
....§.....§...§...
.§.....§.§§.§.#..
.##..§..§§.§.§...§
..§...X@§§§..§...
§.§§§..§.#..§...§
..§.....§...§.§#.
§§..#..§§§..§..§
......§..#§.#..§
........§ ...§§
....##>.§ §..
.......§§ ..


You could see a large abomination.

Vanquished Creatures
  Jorgrun (Elf:2)
  Rupert (D:14)
  A deep elf blademaster (Elf:2)
  The ghost of SirDiesAlot the Skinwalker, an adept OpSh of Gozag (Elf:2)
  A deep elf master archer (Elf:3)
  Donald (Orc:2)
  Agnes (Elf:2)
  Kirke (Lair:5)
  2 azure jellies (IceCv)
  3 deep elf sorcerers (Elf:3)
  A storm dragon (D:12)
  A fire giant (D:12)
  A frost giant (D:15)
  3 deep elf elementalists
  A cacodemon (Abyss:2)
  A deep elf annihilator (Elf:3)
  A minotaur (Gauntlet)
  4 deep elf demonologists
  A deep elf death mage (Elf:1)
  2 deep elf high priests (Elf:3)
  2 ettins (D:12)
  4 vault guards (D:13)
  10 hydras
  A catoblepas (D:15)
  7 centaur warriors
  4 boulder beetles
  4 tengu warriors
  30 dancing weapons
  A hell hog (Abyss:2)
  6 death yaks
  An orc high priest (Orc:1)
  Nergalle (Orc:1)
  A wretched star (Abyss:2)
  Sonja (Lair:3)
  19 deep elf knights
  5 large abominations
  5 skeletal warriors
  2 skysharks (Lair:5)
  An orange crystal statue (Gauntlet)
  A lindwurm (Lair:1)
  9 deep elf archers
  27 deep elf pyromancers
  A necromancer (Elf:1)
  5 orc knights
  Pikel (D:4)
  18 deep elf zephyrmancers
  A mana viper (Abyss:3)
  An orc sorcerer (Orc:2)
  5 wolf spiders
  An oklob plant (D:9)
  6 cyclopes
  20 ugly things
  A manticore (Lair:3)
  A guardian serpent (Lair:5)
  An elephant (shapeshifter) (D:12)
  14 black mambas
  2 ice statues (IceCv)
  5 elephants
  2 torpor snails
  7 gargoyles
  23 cane toads
  4 rime drakes
  3 unseen horrors
  12 komodo dragons
  A rime drake (shapeshifter) (D:12)
  3 tengu conjurers
  An efreet (Volcano)
  A yaktaur (D:12)
  A meliai (D:13)
  3 trolls
  A polar bear (Lair:2)
  A tyrant leech (Gauntlet)
  A wind drake (Lair:3)
  4 hornets
  4 raiju (Abyss:3)
  10 blink frogs
  A dream sheep (Lair:3)
  A small abomination (Abyss:2)
  36 slime creatures
  3 air elementals
  3 vampires
  3 shadows
  5 water elementals
  3 wraiths
  64 yaks
  17 wyverns
  3 fire elementals
  5 basilisks
  A steam dragon (D:8)
  4 vampire mosquitoes (D:13)
  4 redbacks
  3 wargs
  Edmund (D:6)
  33 water moccasins
  A swamp worm (Gauntlet)
  3 acid dragons
  A meliai simulacrum (D:15)
  36 orc warriors
  Pargi (Sewer)
  An ice beast (shapeshifter) (D:12)
  2 great orb of eyes simulacra (IceCv)
  9 wolves
  2 ogres
  3 boggarts (D:14)
  14 centaurs
  3 slime creature simulacra (IceCv)
  Blork the orc (D:6)
  2 phantoms (D:5)
  A lemure (D:4)
  3 kobold brigands
  18 bullfrogs
  2 earth elementals
  4 elf zombies (Elf:1)
  A gnoll sergeant (D:11)
  4 glowing shapeshifter simulacra (IceCv)
  4 scorpions
  An oklob sapling (D:9)
  8 killer bees
  2 electric eels (D:10)
  10 howler monkeys
  2 lava snakes (Lair:1)
  2 jellies
  A quasit (Abyss:2)
  A hound (shapeshifter) (Elf:1)
  A gnoll bouda (D:8)
  A hound (D:5)
  11 orc priests
  4 iguanas
  29 orc wizards
  3 shapeshifter simulacra (IceCv)
  7 hell rats (Lair:4)
  8 gnolls
  A river rat (D:5)
  8 adders
  A white imp (D:7)
  3 ufetubi
  4 worms
  3 dart slugs
  83 orcs
  3 endoplasms
  6 giant cockroaches
  12 goblins
  5 hobgoblins
  10 jackals
  2 quokkas
  9 ball pythons
  2 bats (D:3)
  2 frilled lizards (D:2)
  18 kobolds
  7 rats
  A lurking horror (Abyss:2)
913 creatures vanquished.

Vanquished Creatures (others)
  A deep elf zephyrmancer (Elf:3)
  A deep elf pyromancer (Elf:3)
  6 humans (Lair:5)
  A boggart (D:14)
  A lurking horror (Abyss:3)
  A spectral weapon (Elf:2)
11 creatures vanquished.

Grand Total: 924 creatures vanquished

Notes
Turn   | Place    | Note
-------+----------+-------------------------------------------
     0 | D:1      | Pooter the Minotaur Berserker began the quest for the Orb.
     0 | D:1      | Reached XP level 1. HP: 19/19 MP: 0/0
   373 | D:1      | Reached XP level 2. HP: 27/27 MP: 1/1
   490 | D:2      | Reached skill level 4 in Axes
   744 | D:2      | Reached skill level 1 in Stealth
  1019 | D:2      | Reached skill level 1 in Ranged Weapons
  1019 | D:2      | Reached XP level 3. HP: 33/33 MP: 2/2
  1041 | D:2      | Identified the +4 short sword "Purunan" {heavy, Fragile
                  | rN+++ Str+5 Stlth-}
  1290 | D:3      | Reached XP level 4. HP: 36/40 MP: 3/3
  1448 | D:3      | Identified a scroll of acquirement
  1449 | D:3      | Acquired the +2 hood of the Assassin {Detect Stab+ Stlth++}
  1449 | D:3      | Found the +2 hood of the Assassin {Detect Stab+ Stlth++}
  1453 | D:3      | Reached ** piety under Trog
  1565 | D:3      | Found a broken altar of Ashenzari.
  1573 | D:3      | Found a shadowy altar of Dithmenos.
  1578 | D:3      | Found a glowing silver altar of Zin.
  2017 | D:4      | Reached skill level 5 in Axes
  2101 | D:4      | Reached XP level 5. HP: 46/46 MP: 4/4
  2106 | D:4      | Upgraded the game from 0.31-a0-271-gb88eb75e06 to
                  | 0.31-a0-277-g31ea1f65cc
  2508 | D:4      | Noticed a lemure
  2508 | D:4      | Noticed a lemure
  2511 | D:4      | Noticed a lemure
  2511 | D:4      | Noticed a lemure
  2513 | D:4      | Noticed Pikel
  2519 | D:4      | Killed a lemure
  2524 | D:4      | Killed Pikel
  2525 | D:4      | Reached skill level 5 in Fighting
  2525 | D:4      | Reached skill level 6 in Axes
  2525 | D:4      | Reached XP level 6. HP: 50/56 MP: 5/5
  2525 | D:4      | Reached XP level 7. HP: 55/61 MP: 6/6
  2775 | D:5      | Entered Level 5 of the Dungeon
  2969 | D:5      | Reached skill level 7 in Axes
  3074 | D:5      | Found a glowing drain.
  3078 | Sewer    | Entered a sewer
  3122 | Sewer    | Noticed Pargi
  3131 | Sewer    | Killed Pargi
  3350 | D:5      | Reached XP level 8. HP: 70/70 MP: 7/7
  3542 | D:5      | Reached skill level 5 in Stealth
  3542 | D:5      | Reached *** piety under Trog
  4106 | D:6      | Reached skill level 8 in Axes
  4280 | D:6      | Noticed Blork the orc
  4288 | D:6      | Killed Blork the orc
  4412 | D:6      | Noticed Edmund
  4423 | D:6      | Killed Edmund
  5267 | D:7      | Reached XP level 9. HP: 45/78 MP: 8/8
  5271 | D:6      | Reached skill level 9 in Axes
  5271 | D:6      | Reached skill level 5 in Ranged Weapons
  5757 | D:7      | Found a stormy altar of Qazlal.
  5757 | D:7      | Found an iron altar of Okawaru.
  5959 | D:7      | Found Lole's Distillery.
  5962 | D:7      | Bought a potion of heal wounds for 50 gold pieces
  5962 | D:7      | Bought a potion of curing for 30 gold pieces
  5962 | D:7      | Bought a potion of mutation for 80 gold pieces
  5962 | D:7      | Bought a potion of heal wounds for 50 gold pieces
  5962 | D:7      | Bought a potion of haste for 100 gold pieces
  5962 | D:7      | Bought a potion of attraction for 30 gold pieces
  5962 | D:7      | Bought a potion of curing for 30 gold pieces
  5962 | D:7      | Gained mutation: You are agile. (Dex +4, Str/Int -1)
                  | [potion of mutation]
  5962 | D:7      | Gained mutation: Your movements are slightly less
                  | encumbered by armour. (ER -2) [potion of mutation]
  5962 | D:7      | Gained mutation: You expend magic power (3 MP) to
                  | strengthen your wands. [potion of mutation]
  5963 | D:7      | Lost mutation: You are agile. (Dex +4, Str/Int -1) [potion
                  | of mutation]
  5963 | D:7      | Lost mutation: Your movements are slightly less encumbered
                  | by armour. (ER -2) [potion of mutation]
  5963 | D:7      | Lost mutation: You expend magic power (3 MP) to strengthen
                  | your wands. [potion of mutation]
  5963 | D:7      | Gained mutation: You are dopey. (Int -2) [potion of
                  | mutation]
  5963 | D:7      | Gained mutation: You possess an exceptional clarity of
                  | mind. [potion of mutation]
  5963 | D:7      | Gained mutation: You are covered in fur. (AC +1) [potion of
                  | mutation]
  5986 | D:7      | Found a staircase to the Ecumenical Temple.
  6077 | D:7      | Identified the +8 chain mail "Etoluk" {Drain Dex+5}
  6176 | D:7      | Found Fosimiqo's Tremendous Tomes.
  6609 | D:8      | Found a hide-covered altar of Uskayaw.
  6717 | D:8      | Reached skill level 10 in Axes
  7976 | D:9      | Reached XP level 10. HP: 86/88 MP: 9/9
  8124 | D:9      | Reached **** piety under Trog
  8160 | D:9      | Reached skill level 11 in Axes
  8202 | D:9      | Found a staircase to the Lair.
  8701 | D:8      | Reached skill level 12 in Axes
  9002 | D:9      | Found a shimmering blue altar of Sif Muna.
  9257 | D:9      | Noticed an oklob plant
  9277 | D:9      | Killed an oklob plant
  9278 | D:9      | Reached XP level 11. HP: 97/97 MP: 10/10
  9633 | D:10     | Entered Level 10 of the Dungeon
 10822 | D:10     | Reached skill level 13 in Axes
 11471 | D:10     | Found a staircase to the Orcish Mines.
 11614 | D:10     | Reached skill level 10 in Ranged Weapons
 11927 | Lair:1   | Entered Level 1 of the Lair of Beasts
 11987 | Lair:1   | Paralysed by a hornet for 1 turns
 12217 | Lair:1   | Reached skill level 10 in Fighting
 12322 | Lair:1   | Found a runed translucent door.
 12332 | Lair:1   | Noticed a wolf spider
 12332 | Lair:1   | Noticed a wolf spider
 12337 | Lair:1   | Noticed a wolf spider
 12344 | Lair:1   | Killed a wolf spider
 12345 | Lair:1   | Killed a wolf spider
 12350 | Lair:1   | Killed a wolf spider
 12351 | Lair:1   | Reached skill level 14 in Axes
 12565 | Lair:1   | Found a runed translucent gate.
 12565 | Lair:1   | Found a runed translucent gate.
 12565 | Lair:1   | Noticed a boulder beetle
 12565 | Lair:1   | Noticed a boulder beetle
 12567 | Lair:1   | Found a runed translucent gate.
 12567 | Lair:1   | Found a runed translucent gate.
 12567 | Lair:1   | Found a runed translucent gate.
 12567 | Lair:1   | Noticed a boulder beetle
 12567 | Lair:1   | Noticed a lindwurm
 12568 | Lair:1   | Found a runed translucent gate.
 12598 | Lair:1   | Killed a boulder beetle
 12599 | Lair:1   | Killed a boulder beetle
 13074 | Lair:1   | Killed a lindwurm
 13238 | Lair:1   | Killed a boulder beetle
 13390 | Lair:1   | Reached XP level 12. HP: 76/108 MP: 11/11
 13725 | Lair:1   | Reached skill level 15 in Axes
 14240 | Lair:2   | Found a frozen archway.
 14269 | IceCv    | Entered an ice cave
 15233 | IceCv    | Reached skill level 16 in Axes
 15876 | IceCv    | Noticed an azure jelly
 15884 | IceCv    | Killed an azure jelly
 15885 | IceCv    | Reached XP level 13. HP: 118/118 MP: 12/12
 15929 | IceCv    | Found a viscous altar of Jiyva.
 15932 | IceCv    | Noticed an azure jelly
 15942 | IceCv    | Killed an azure jelly
 15989 | IceCv    | Found the +12 pair of quick blades "Gyre" and "Gimble"
                  | {protect}
 16001 | IceCv    | Got the ring of Kuja {Ice rElec Str+3 Int+4}
 16228 | Lair:2   | Found a hole to the Spider Nest.
 16442 | Lair:2   | Found a basalt altar of Yredelemnul.
 16875 | Lair:3   | Noticed a minotaur
 16894 | Lair:3   | Noticed LustLizard's ghost (journeyman OpSh)
 17164 | Lair:3   | Found a staircase to the Shoals.
 18074 | Lair:3   | Reached skill level 17 in Axes
 18538 | Lair:3   | Found a runed translucent gate.
 18539 | Lair:3   | Found a runed translucent gate.
 18540 | Lair:3   | Found a runed translucent gate.
 18555 | Lair:3   | Identified the +5 war axe of Udwaimuela {vamp, rN+ Int+2}
 18709 | Lair:3   | Noticed Sonja
 18719 | Lair:3   | Killed Sonja
 18758 | Lair:3   | Reached skill level 15 in Ranged Weapons
 19868 | Lair:4   | Reached skill level 18 in Axes
 20046 | Lair:4   | Found a viscous altar of Jiyva.
 20047 | Lair:4   | Found a staircase to the Slime Pits.
 20589 | Lair:4   | Reached XP level 14. HP: 129/129 MP: 13/13
 20670 | Lair:5   | Entered Level 5 of the Lair of Beasts
 20712 | Lair:5   | Found a gate leading to a gauntlet.
 20722 | Gauntlet | Entered a Gauntlet
 20722 | Gauntlet | Found a transporter.
 20722 | Gauntlet | Found a transporter.
 20726 | Gauntlet | Found a transporter.
 20726 | Gauntlet | Found a transporter.
 20748 | Gauntlet | Found a transporter.
 20758 | Gauntlet | Found a transporter.
 20758 | Gauntlet | Found a transporter.
 20792 | Gauntlet | Found a transporter.
 20792 | Gauntlet | Found a transporter.
 20806 | Gauntlet | Identified the +0 cloak "Loukur" {Int+3 Dex+2}
 20830 | Gauntlet | Found a transporter.
 20837 | Gauntlet | Identified the amulet "Porron" {RegenMP rF++ Int+2}
 20839 | Gauntlet | Found a transporter.
 20859 | Gauntlet | Identified the +1 leather armour of Dogmatism {rCorr}
 20878 | Lair:5   | Found a dark tunnel.
 20884 | Volcano  | Entered a volcano
 20947 | Volcano  | Identified the +2 pair of gloves "Kaifishy" {rC++ Int+3
                  | Dex-3}
 21309 | Lair:5   | Noticed Kirke
 21324 | Lair:5   | Killed Kirke
 21731 | Lair:5   | Reached skill level 19 in Axes
 22702 | Lair:5   | Reached skill level 20 in Axes
 22762 | Lair:5   | Reached skill level 15 in Fighting
 22825 | Lair:5   | Reached skill level 1 in Evocations
 22938 | Lair:5   | Reached skill level 1 in Throwing
 23851 | Orc:1    | Entered Level 1 of the Orcish Mines
 23995 | Orc:2    | Entered Level 2 of the Orcish Mines
 24114 | Orc:1    | Noticed Nergalle
 24123 | Orc:1    | Killed Nergalle
 24513 | Orc:2    | Found Molaloh's Armour Shop.
 24542 | Orc:2    | Reached XP level 15. HP: 92/141 MP: 14/14
 26729 | Orc:2    | Noticed Donald
 26740 | Orc:2    | Killed Donald
 27973 | Orc:2    | Found a staircase to the Elven Halls.
 28071 | Orc:2    | Found Anouh's Armour Shoppe.
 28071 | Orc:2    | Found Jeisch's Antique Armour Boutique.
 28073 | Orc:2    | Found Fida's Distillery.
 28075 | Orc:2    | Found Immaez's Magic Scroll Emporium.
 28082 | Orc:2    | Bought 2 potions of mutation for 224 gold pieces
 28082 | Orc:2    | Bought a potion of cancellation for 112 gold pieces
 28082 | Orc:2    | Bought a potion of heal wounds for 70 gold pieces
 28082 | Orc:2    | Bought a potion of curing for 42 gold pieces
 28084 | Orc:2    | Bought a heavily runed scarf for 220 gold pieces
 28084 | Orc:2    | Identified the scarf of the Harp {+Inv, rElec Dex+5 Slay+2
                  | Stlth+} (You bought it in a shop on level 2 of the Orcish
                  | Mines)
 28084 | Orc:2    | Bought a pair of glowing gloves for 165 gold pieces
 28108 | Orc:2    | Bought a scroll of fog for 64 gold pieces
 28108 | Orc:2    | Bought a scroll of identify for 32 gold pieces
 28108 | Orc:2    | Bought a scroll of identify for 32 gold pieces
 28108 | Orc:2    | Bought a scroll of identify for 32 gold pieces
 28108 | Orc:2    | Bought a scroll of enchant weapon for 120 gold pieces
 28108 | Orc:2    | Bought a scroll of blinking for 120 gold pieces
 28108 | Orc:2    | Bought a scroll of blinking for 120 gold pieces
 28772 | D:11     | Reached skill level 5 in Armour
 28780 | D:11     | Reached ***** piety under Trog
 29369 | D:12     | Noticed a storm dragon
 29377 | D:12     | Killed a storm dragon
 30355 | D:12     | Identified the +7 falchion "Ufen Yfe" {drain, rC+ rN++
                  | Str+2 Int-2}
 30743 | D:12     | Identified the ring "Wataoc" {Fire Str+9 Int-2 Dex-4}
 30743 | D:12     | Noticed a fire giant
 30748 | D:12     | Received a gift from Trog
 30753 | D:12     | HP: 7/187 [fire giant/bolt of fire (31)]
 30754 | D:12     | Killed a fire giant
 32182 | D:13     | Reached skill level 5 in Throwing
 32458 | D:13     | Found a gate to the Vaults.
 33078 | D:14     | Reached skill level 5 in Evocations
 33757 | D:14     | Reached XP level 16. HP: 79/152 MP: 15/15
 34215 | D:14     | Noticed Rupert
 34226 | D:14     | Killed Rupert
 34452 | D:15     | Entered Level 15 of the Dungeon
 35299 | D:15     | Found a staircase to the Depths.
 35315 | D:15     | Upgraded the game from 0.31-a0-277-g31ea1f65cc to
                  | 0.31-a0-303-gdc8c9485ea
 35525 | Elf:1    | Entered Level 1 of the Elven Halls
 35797 | Elf:1    | Paralysed by an air elemental for 1 turns
 36535 | Elf:1    | Found Resut's Magic Scroll Shop.
 36535 | Elf:1    | Found Kaoxu's Assorted Antiques.
 36557 | Elf:1    | Bought a scroll of fog for 48 gold pieces
 36557 | Elf:1    | Bought a scroll of teleportation for 36 gold pieces
 36557 | Elf:1    | Bought a scroll of fog for 48 gold pieces
 36828 | Elf:1    | Paralysed by an air elemental for 1 turns
 37136 | Elf:1    | Found Qeic's Armour Shoppe.
 38293 | Elf:2    | Noticed Jorgrun
 38299 | Elf:2    | Killed Jorgrun
 38829 | Elf:2    | Found a runed translucent gate.
 38829 | Elf:2    | Found a runed translucent gate.
 38830 | Elf:2    | Found a runed translucent gate.
 38836 | Elf:2    | Noticed SirDiesAlot's ghost (adept OpSh)
 38860 | Elf:2    | Killed SirDiesAlot's ghost
 38861 | Elf:2    | Reached XP level 17. HP: 149/162 MP: 16/16
 39050 | Elf:2    | Found a runed translucent gate.
 39051 | Elf:2    | Found a runed translucent gate.
 39051 | Elf:2    | Found a runed translucent gate.
 39136 | Elf:2    | Reached skill level 10 in Armour
 39138 | Elf:2    | Noticed Agnes
 39146 | Elf:2    | Killed Agnes
 39203 | Elf:2    | Noticed a deep elf blademaster
 39212 | Elf:2    | Killed a deep elf blademaster
 39727 | Elf:3    | Entered Level 3 of the Elven Halls
 39974 | Elf:3    | Found a flickering gateway to a bazaar.
 40024 | Bazaar   | Entered a bazaar
 40024 | Bazaar   | Found Toluqit's Armour Boutique.
 40024 | Bazaar   | Found Zucud's Weapon Shop.
 40024 | Bazaar   | Found Poul's Weapon Shop.
 40155 | Elf:3    | Noticed a Hell Sentinel
 40606 | Elf:3    | Noticed a Hell Sentinel
 40686 | Elf:3    | Received a gift from Trog
 41183 | Elf:3    | Identified the +11 halberd "Akholon" {freeze, rElec rC+
                  | Dex+5}
 41517 | Elf:3    | Noticed a deep elf master archer
 41525 | Elf:3    | Noticed a Brimstone Fiend
 41526 | Elf:3    | Killed a deep elf master archer
 42121 | Abyss:2  | Cast into level 2 of the Abyss (a deep elf demonologist)
 42244 | Abyss:2  | Noticed a hellephant
 42313 | Abyss:3  | Slain by a large abomination

Illustrated notes

Levels and vault maps discovered:
D:1:      dpeg_arrival_short_road, layout_basic, wad_floor_pattern_1,
          reono_crystal_passage
D:2:      layout_basic
D:3:      layout_loops_ring, minmay_overflow_temple_star_quad
D:4:      layout_loops_ring, minmay_distorted, uniq_pikel
D:5:      layout_basic, gup_sewer_entry_spiral, minmay_ogre_servants
D:6:      layout_basic, uniq_edmund, uniq_blork_the_orc
D:7:      layout_cave_pools, chequers_temple_overflow_statue_of_worship,
          minmay_temple_entry_enclosed_plants, serial_shops,
          nicolae_shop_real_fake_doors, nicolae_shop_i_like_big_books,
          minmay_gold_behind_fungi, minmay_misc_feat_x, patterned_corridor
D:8:      layout_layer_cave, mainiacjoe_overflow_cross_hatched,
          kennysheep_minor_cross, grunt_ministairs_11
D:9:      layout_rooms, kennysheep_orc_sif_temple, minmay_lair_entry_grove,
          introduction_to_nature_2
D:10:     layout_cave_pods, erik_orc_2, dreamdust_princess_corridor
D:11:     layout_basic
D:12:     minmay_strange_plus, layout_loops_corners, minmay_radiant
D:13:     layout_basic, lightli_vaults_fourway_checkpoint
D:14:     layout_grid_maze, uniq_rupert
D:15:     grunt_enter_depths_snipers, layout_cave_pools,
          chequers_serial_rivers_micro_a, grunt_ministairs_6
Lair:1:   gammafunk_indiana_jones, layout_chaotic_city, grunt_megastairs_3,
          lemuel_fruit_fields
Lair:2:   layout_gridlike, spider_nest_entry_webs, basic_altar,
          portal_ice_cave_entry_pillars_2
Lair:3:   nzn_winding_woodlands_medium [nzn_winding_woodlands_5x5_closed_star,
          nzn_winding_woodlands_5x15_parted, nzn_winding_woodlands_5x5_cross,
          nzn_winding_woodlands_5x5_open_star,
          nzn_winding_woodlands_center_pierced_h,
          nzn_winding_woodlands_5x5_checkerboard,
          nzn_winding_woodlands_5x5_perimeter,
          nzn_winding_woodlands_5x15_concentric,
          nzn_winding_woodlands_5x5_default], layout_regular_city,
          minmay_shoals_entry_beasts, maelrawn_ghost_gauntlet_escape, uniq_sonja
Lair:4:   layout_regular_city, slime_entry_1
Lair:5:   hangedman_lair_tendril_chambers, layout_hall_layers,
          gauntlet_entry_generic, nicolae_volcano_entry_hallway, st_stairs_3,
          minivault_27, lemuel_fruit_tree, uniq_kirke
Orc:1:    layout_diamond_mine, uniq_nergalle
Orc:2:    st_orc_rangers, layout_caves, basic_altar, serial_shops,
          shop_fountains, mines1_david, uniq_donald
Elf:1:    eino_elf_arrival_customs, layout_geoelf_diagonals, serial_shops,
          nicolae_shop_pleasant_corner_grove, minmay_elf_necromancy,
          st_stairs_7, minmay_shoptagon
Elf:2:    nicolae_elf_blades_crystal_corner, layout_onion_city,
          ebering_ghost_rock_garden, kilobyte_mutagenic_chamber, uniq_jorgrun,
          uniq_agnes
Elf:3:    minmay_elf_hall_hex, layout_rooms, serial_shops, bzr_firewalk,
          grunt_ministairs_6
Abyss:3:  base:
Spider:2

Skill      XL: |  1  2  3  4  5  6  7  8  9 10 11 12 13 14 15 16 17 |
---------------+----------------------------------------------------+-----
Axes           | 4 5 6 7 8 10 12 14 16 18 20 | 20.5
Stealth        | 1 2 3 4 6 |  6.8
Ranged Weapons | 1 3 4 7 9 11 13 15 16 17 18 | 18.0
Fighting       | 4 5 6 7 9 10 12 13 15 16 17 18 | 18.2
Armour         | 3 7 9 10 | 10.9
Evocations     | 2 5 7 8 |  8.7
Throwing       | 2 5 7 9 |  9.4
Dodging        | |  2.1

Action                     |  1- 3 |  4- 6 |  7- 9 | 10-12 | 13-15 | 16-18 || total
---------------------------+-------+-------+-------+-------+-------+-------++-------
  Melee: Hand axe          |    22 |     5 |       |       |       |       ||    27
         Trident           |       |    37 |       |       |       |       ||    37
         Headbutt          |       |     5 |    47 |   105 |   136 |    60 ||   353
         Short sword       |       |     7 |   198 |       |       |       ||   205
         Punch             |       |       |     5 |     2 |       |       ||     7
         War axe           |       |       |    75 |   125 |       |       ||   200
         Glaive            |       |       |       |    17 |       |       ||    17
         Battleaxe         |       |       |       |   255 |   576 |   293 ||  1124
         Flail             |       |       |       |       |    27 |       ||    27
         Eveningstar       |       |       |       |       |       |    29 ||    29
   Fire: Sling             |    81 |    42 |       |       |       |       ||   123
         Shortbow          |       |       |    40 |   172 |       |       ||   212
         Orcbow            |       |       |       |   165 |   455 |       ||   620
         Arbalest          |       |       |       |       |   244 |   262 ||   506
  Throw: Dart              |       |       |    21 |     3 |    28 |     1 ||    53
         Boomerang         |       |       |       |     3 |       |    21 ||    24
         Javelin           |       |       |       |       |     2 |       ||     2
 Invoke: Berserk           |     1 |     1 |     8 |    17 |    22 |     8 ||    57
         Trog's Hand       |       |     1 |     8 |    24 |    24 |    23 ||    80
  Evoke: Wand              |       |       |     7 |     5 |    10 |     8 ||    30
         Phantom mirror    |       |       |       |     1 |     1 |     1 ||     3
    Use: Scroll            |     3 |     5 |     7 |    11 |    17 |    11 ||    54
         Potion            |       |       |     2 |     6 |     2 |     2 ||    12
   Stab: Sleeping          |       |     3 |     1 |       |     2 |     3 ||     9
         Invisible         |       |       |     1 |     3 |     2 |       ||     6
         Distracted        |       |       |       |       |     1 |     3 ||     4
         Paralysed         |       |       |       |       |     1 |       ||     1
 Armour: Ring mail         |    15 |    13 |       |       |       |       ||    28
         Animal skin       |     1 |       |       |       |       |       ||     1
         Chain mail        |       |    12 |   108 |   206 |   305 |       ||   631
         Plate armour      |       |       |    89 |       |    74 |   187 ||   350
  Dodge: Dodged            |    31 |    21 |   129 |   148 |   337 |   108 ||   774
         Repelled          |       |       |     1 |     1 |     6 |       ||     8
  Block: Other             |       |       |    61 |    74 |   163 |    61 ||   359
         Reflection        |       |       |       |     5 |    44 |    17 ||    66

Table legend: (Time is in decaauts)
 A = Elapsed time spent in this place.
 B = Non-inter-level travel time spent in this place.
 C = Inter-level travel time spent in this place.
 D = Time resting spent in this place.
 E = Time spent auto-exploring this place.
 F = Levels seen in this place.
 G = Mean time per level.
                   A        B        C        D        E       F      G
               +--------+--------+--------+--------+--------+-----+--------+
         Total |  42841 |  41533 |   1308 |  18314 |  14791 |  32 | 1338.8 |
       Dungeon |  19205 |  18486 |    719 |   6326 |   8817 |  15 | 1280.3 |
          Lair |   9622 |   9294 |    328 |   3932 |   3768 |   5 | 1924.4 |
  Orcish Mines |   4730 |   4557 |    173 |   3161 |    748 |   2 | 2365.0 |
   Elven Halls |   6561 |   6474 |     87 |   3586 |   1217 |   3 | 2187.0 |
         Abyss |    192 |    192 |      0 |     65 |      0 |   2 |   96.0 |
        Bazaar |     77 |     77 |      0 |     65 |      0 |   1 |   77.0 |
         Sewer |    207 |    207 |      0 |     69 |     67 |   1 |  207.0 |
      Ice Cave |   1826 |   1826 |      0 |   1086 |     33 |   1 | 1826.0 |
       Volcano |    255 |    255 |      0 |      0 |    140 |   1 |  255.0 |
      Gauntlet |    162 |    162 |      0 |     22 |      0 |   1 |  162.0 |
               +--------+--------+--------+--------+--------+-----+--------+

Top non-repeatable levels by time:
   Orc:2: 3750 daAuts
    D:12: 2845 daAuts
  Lair:3: 2826 daAuts
    D:10: 2413 daAuts
   Elf:1: 2382 daAuts
   Elf:3: 2333 daAuts
  Lair:1: 2195 daAuts
  Lair:5: 1979 daAuts
   Elf:2: 1845 daAuts
   IceCv: 1826 daAuts
     D:8: 1810 daAuts
     D:9: 1715 daAuts
     D:6: 1677 daAuts
    D:14: 1545 daAuts
  Lair:4: 1489 daAuts
